 Dungeon Crawl Stone Soup version 0.31.0-12-g77e489cdc1 (webtiles) character file.

Game seed: 299914070570482796

1577 Marvel the Cleaver (level 8, 0/62 HPs)
             Began as a Hill Orc Fighter on Feb 13, 2024.
             Was a Follower of Hepliaklqana.
             Slain by Menkaure (16 damage)
             ... on level 7 of the Dungeon.
             The game lasted 00:13:34 (5859 turns).

Marvel the Cleaver (Hill Orc Fighter)               Turns: 5859, Time: 00:13:34

Health: 0/62       AC:  8    Str: 21    XL:     8   Next: 91%
Magic:  7/8        EV:  9    Int:  8    God:    Hepliaklqana [*.....]
Gold:   234        SH:  4    Dex: 10    Spells: 7/7 levels left

rFire   . . .        a - +1 war axe
rCold   . . .        c - +0 buckler
rNeg    . . .        b - +0 scale mail
rPois   +            (no helmet)
rElec   .            (no cloak)
rCorr   .            (no gloves)
SInv    .            E - +0 pair of boots
Will    .....        (no amulet) Stlth
                     j - ring of poison resistance
HPRegen 0.30/turn    x - ring of flight
MPRegen 0.11/turn

%: no passive effects
@: mighty, flying
A: reduced essence
a: Renounce Religion, Recall Ancestor, Ancestor Identity


You were on level 7 of the Dungeon.
You worshipped Hepliaklqana.
Hepliaklqana was aware of your devotion.
You visited 1 branch of the dungeon, and saw 7 of its levels.

You collected 234 gold pieces.

Inventory:

Hand Weapons
 a - a +1 war axe (weapon)
 y - a +3 dagger
 z - a +1 sling of draining
Missiles
 e - 17 poisoned darts
 r - 2 darts of dispersal (quivered)
Armour
 b - a +0 scale mail (worn)
 c - a +0 buckler (worn)
 E - a +0 pair of boots (worn)
Jewellery
 j - a ring of poison resistance (left hand)
 x - a ring of flight (right hand)
Wands
 m - a wand of flame (28)
 w - a wand of roots (7)
Scrolls
 k - 2 scrolls of teleportation
 l - a scroll of blinking {unknown}
 p - a scroll of immolation {unknown}
 t - 2 scrolls of fog {unknown}
 u - 3 scrolls of identify {unknown}
 v - a scroll of amnesia {unknown}
 A - 2 scrolls of torment {unknown}
 B - a scroll of noise {unknown}
Potions
 f - a potion of brilliance {unknown}
 g - 2 potions of lignification {unknown}
 h - a potion of curing {unknown}
 i - a potion of haste {unknown}
 n - 2 potions of cancellation
 o - 2 potions of mutation {unknown}
 q - 2 potions of enlightenment {unknown}
 s - 2 potions of degeneration {unknown}
 C - a potion of heal wounds {unknown}


   Skills:
 + Level 5.4 Fighting
 * Level 11.4 Axes
 + Level 1.0 Throwing
 + Level 6.0 Armour
 + Level 4.8 Shields
 + Level 0.1 Unarmed Combat


You had 7 spell levels left.
You didn't know any spells.
Your spell library contained the following spells:

 Spells                   Type           Power      Damage    Failure   Level
 Kiss of Death            Conj/Necr      0%         2d5       80%         1
 Cigotuvi's Dreadful Rot  Necr/Alch/Air  0%         N/A       90%         2
 Call Canine Familiar     Summ           0%         N/A       99%         3
 Fugue of the Fallen      Necr           0%         N/A       99%         3
 Sigil of Binding         Hex            0%         N/A       99%         3
 Vampiric Draining        Necr           0%         2d6       99%         3
 Dimensional Bullseye     Hex/Tloc       0%         N/A       100%        4


Dungeon Overview and Level Annotations

Branches:
Dungeon (7/15)             Temple (0/1) D:6

Altars:
Dithmenos
Elyvilon
Fedhas
Hepliaklqana
Kikubaaqudgha
Makhleb
Qazlal
Sif Muna
Zin
The Shining One

Shops:
D:5 :

Annotations:
D:3 1 runed translucent door, lasso's ghost, amateur DsEE
D:7 Menkaure


Message History

You release spores at Maurice!
You kill Maurice!
Your Axes skill increases to level 11!
Your Throwing skill increases to level 1!
Your Armour skill increases to level 6!
You're too terrified to move while being watched!
Menkaure closely misses Gaius.
Gaius barely misses Menkaure.
Menkaure closely misses Gaius.
Gaius barely misses Menkaure.
Menkaure closely misses Gaius.
Gaius hits Menkaure.
Menkaure barely misses Gaius.
Gaius hits Menkaure.
Menkaure hits Gaius!
Menkaure misses Gaius.
Gaius hits Menkaure but does no damage.
Your transformation is almost over.
Menkaure barely misses Gaius.
Gaius hits Menkaure.
It was a potion of cancellation.
Your magical effects are unravelling.
You feel magically purged.
You stop sporulating.
Your +1 war axe unmelds from your body.
Your +0 pair of boots unmelds from your body.
Your +0 buckler unmelds from your body.
Your +0 scale mail unmelds from your body.
Menkaure hits Gaius!
Gaius is destroyed!
Okay, then.
Menkaure murmurs, "Let me perform the rites..."
Menkaure calls on the powers of darkness!
Your body is wracked with pain!
As you read the scroll labelled UTEMNEWABU, it crumbles to dust.
You feel strangely unstable.
It was a scroll of teleportation.
Menkaure calls on the powers of darkness!
Your body is wracked with pain!
* * * LOW HITPOINT WARNING * * *
Your surroundings suddenly seem different.
You feel very mighty all of a sudden. Menkaure hits you but does no damage.
You closely miss Menkaure.
Menkaure is moderately damaged.
Menkaure hits you!
You die...

#..# #.....f# ##..#
#..M....# ###...###
##........#
####.......###...........
#................
##...............
#...............
####............#
#..........@...##
####.....†.M..##
#.......$.## #........##
#.........## #..........#
##..........##
#......##....## ##.
##......###....####....


You could see Menkaure (fast).

Vanquished Creatures
  Maurice (D:7)
  An ice beast (D:7)
  A phantom (D:5)
  2 bullfrogs
  A kobold brigand (D:6)
  A scorpion (D:5)
  A howler monkey (D:4)
  A jelly (D:6)
  2 bombardier beetles
  A bullfrog zombie (D:4)
  2 orc priests
  4 hounds
  A sleepcap (D:5)
  3 iguanas (D:5)
  A howler monkey zombie (D:4)
  8 adders
  2 ufetubi (D:6)
  An adder zombie (D:6)
  An orc zombie (D:5)
  2 dart slugs
  A ribbon worm (D:3)
  11 orcs
  6 ball pythons
  8 endoplasms
  3 giant cockroaches
  3 goblins
  4 hobgoblins
  2 jackals (D:3)
  3 quokkas
  5 bats
  A bombardier beetle zombie (D:5)
  2 frilled lizards (D:2)
  11 kobolds
  3 kobold zombies
  6 rats
106 creatures vanquished.

Vanquished Creatures (collateral kills)
  A kobold brigand (D:7)
  A bullfrog (D:7)
  A hound (D:5)
  3 adders (D:6)
  2 kobolds (D:6)
  A bombardier beetle zombie (D:6)
  A kobold zombie (D:6)
10 creatures vanquished.

Vanquished Creatures (others)
  3 ancestors
3 creatures vanquished.

Grand Total: 119 creatures vanquished

Notes
Turn   | Place    | Note
-------+----------+-------------------------------------------
     0 | D:1      | Marvel the Hill Orc Fighter began the quest for the Orb.
     0 | D:1      | Reached XP level 1. HP: 19/19 MP: 1/1
   487 | D:1      | Reached skill level 3 in Axes
   487 | D:1      | Reached XP level 2. HP: 26/27 MP: 2/2
  1064 | D:2      | Reached XP level 3. HP: 33/33 MP: 3/3
  1082 | D:2      | Found a hazy altar of Hepliaklqana.
  1103 | D:2      | Reached skill level 4 in Axes
  1324 | D:2      | Reached XP level 4. HP: 38/40 MP: 4/4
  1845 | D:3      | Found a shimmering blue altar of Sif Muna.
  1986 | D:3      | Found a burning altar of Makhleb.
  2008 | D:3      | Found a runed translucent door.
  2022 | D:3      | Noticed a balrug
  2026 | D:3      | Noticed a hellwing
  2026 | D:3      | Noticed an orange demon
  2214 | D:3      | Found a faded altar of an unknown god.
  2224 | D:3      | Prayed at the altar of an unknown god.
  2224 | D:3      | Became a worshipper of Kikubaaqudgha
  2224 | D:3      | Reached * piety under Kikubaaqudgha
  2224 | D:3      | Received a gift from Kikubaaqudgha
  2330 | D:2      | Fell from the grace of Kikubaaqudgha
  2330 | D:2      | Became a worshipper of Hepliaklqana the Forgotten
  2632 | D:3      | Noticed lasso's ghost (amateur DsEE)
  2712 | D:4      | Reached skill level 5 in Axes
  2712 | D:4      | Reached XP level 5. HP: 45/46 MP: 5/5
  2826 | D:4      | Reached skill level 6 in Axes
  2826 | D:4      | Reached XP level 6. HP: 31/53 MP: 6/6
  2911 | D:4      | Found a shadowy altar of Dithmenos.
  3079 | D:4      | Found a stormy altar of Qazlal.
  3387 | D:4      | Found a blossoming altar of Fedhas.
  3453 | D:4      | Found a glowing golden altar of the Shining One.
  3510 | D:4      | Found a glowing silver altar of Zin.
  3511 | D:4      | Found a white marble altar of Elyvilon.
  3648 | D:5      | Entered Level 5 of the Dungeon
  3786 | D:5      | Reached skill level 7 in Axes
  3840 | D:5      | Reached XP level 7. HP: 52/60 MP: 7/7
  3880 | D:5      | Found Abeugyrr's Book Boutique.
  4007 | D:5      | Reached skill level 8 in Axes
  4311 | D:5      | Reached * piety under Hepliaklqana
  4507 | D:5      | Reached skill level 9 in Axes
  4845 | D:6      | Reached skill level 5 in Armour
  4864 | D:6      | Found a staircase to the Ecumenical Temple.
  5095 | D:6      | Reached XP level 8. HP: 59/60 MP: 8/8
  5529 | D:7      | Reached skill level 5 in Fighting
  5529 | D:7      | Reached skill level 10 in Axes
  5790 | D:7      | Noticed Maurice
  5791 | D:7      | Noticed Menkaure
  5840 | D:7      | Maurice stole 20 poisoned darts
  5841 | D:7      | Maurice stole a ring of positive energy
  5844 | D:7      | Killed Maurice
  5845 | D:7      | Reached skill level 11 in Axes
  5845 | D:7      | Reached skill level 1 in Throwing
  5859 | D:7      | Slain by Menkaure

Illustrated notes

Levels and vault maps discovered:
D:1:      grunt_arrival_lava_bath, layout_loops_corners, minmay_split_cup_large
D:2:      layout_loops_corners, basic_altar
D:3:      layout_basic, mainiacjoe_overflow_surrounded_room,
          makhleb_altar_promises_db, ebering_ghost_reflecting_pool,
          hellmonk_ecumenical_altar_crossroads
D:4:      layout_gridville, good_gods_temple_1, fedhas_altar_fruit_tree,
          nicolae_dithmenos_the_darkroom, mainiacjoe_overflow_alcove_1,
          kennysheep_boxes
D:5:      layout_gridville, serial_shops, nicolae_shop_rolling_square,
          minmay_misc_feat_columns, kennysheep_flooded_box
D:6:      layout_gridville, minmay_temple_entry_overgrown, centaur_isle
D:7:      layout_layer_cave, uniq_maurice, uniq_menkaure, uniq_joseph

Skill      XL: |  1  2  3  4  5  6  7  8 |
---------------+-------------------------+-----
Axes           | 3 4 5 6 7 9 11 | 11.4
Fighting       | 4 5 |  5.4
Armour         | 4 5 6 |  6.0
Shields        | 4 |  4.8
Throwing       | 1 |  1.0
Unarmed Combat | |  0.1

Action                     |  1- 3 |  4- 6 |  7- 9 || total
---------------------------+-------+-------+-------++-------
  Melee: War axe           |    66 |   157 |   149 ||   372
         Unarmed           |       |       |     2 ||     2
  Throw: Dart              |       |     2 |     4 ||     6
    Use: Potion            |       |       |     3 ||     3
         Scroll            |       |       |     3 ||     3
   Stab: Invisible         |       |       |     2 ||     2
         Distracted        |       |       |     1 ||     1
         Confused          |       |       |     1 ||     1
 Armour: Scale mail        |    51 |   126 |   117 ||   294
  Dodge: Dodged            |    38 |    74 |    78 ||   190
  Block: Buckler           |    14 |    39 |    42 ||    95
